 Dungeon Crawl Stone Soup version 0.28-a0-1190-g77e1c55843 (webtiles) character file.

Game seed: 15200399726932858668

445 Astera the Poker (level 7, 0/82 HPs)
             Began as a Merfolk Berserker on Dec 18, 2021.
             Was a Believer of Trog.
             Succumbed to Eustachio's poison
             ... on level 4 of the Dungeon.
             The game lasted 00:11:05 (4481 turns).

Astera the Poker (Merfolk Berserker)                Turns: 4481, Time: 00:11:06

Health: 0/82       AC:  3    Str: 20    XL:     7   Next: 3%
Magic:  7/7        EV: 17    Int:  6    God:    Trog [**....]
Gold:   166        SH:  0    Dex: 13    Spells: 6/6 levels left

rFire   . . .      SeeInvis .   a - +0 spear
rCold   . . .      Faith    .   (no shield)
rNeg    . . .      Spirit   .   g - +0 leather armour
rPois   .          Reflect  .   (no helmet)
rElec   .          Harm     .   (no cloak)
rCorr   .          Rampage  .   (no gloves)
Will    .....                   (no boots)
Stlth   ..........              (no amulet)
HPRegen 0.23/turn               m - +4 ring of evasion
MPRegen 0.10/turn               (no ring)

@: berserking (expiring), lethally poisoned (0 -> -17), very quick
A: (nimble swimmer 2), mertail
a: Renounce Religion, Berserk, Trog's Hand


You were on level 4 of the Dungeon.
You worshipped Trog.
Trog was pleased with you.
You visited 1 branch of the dungeon, and saw 4 of its levels.

You collected 216 gold pieces.
You spent 50 gold pieces at shops.

Inventory:

Hand Weapons
 a - a +0 spear (weapon)
Missiles
 h - 6 boomerangs (quivered)
Armour
 g - a +0 leather armour (worn)
Jewellery
 m - a +4 ring of evasion (left hand)
Scrolls
 b - 2 scrolls of identify {unknown}
 f - a scroll of teleportation {unknown}
Potions
 c - a potion of mutation {unknown}
 d - a potion of degeneration {unknown}
 e - a potion of curing {unknown}
 i - a potion of might {unknown}
 j - 2 potions of brilliance {unknown}
 k - a potion of attraction {unknown}
 l - a potion of heal wounds


   Skills:
 + Level 4.7 Fighting
 + Level 7.4 Polearms
 + Level 0.3 Throwing
 + Level 2.4 Armour
 + Level 4.2 Dodging
 + Level 3.0 Stealth


You had 6 spell levels left.
You didn't know any spells.
Your spell library was empty.

Dungeon Overview and Level Annotations

Branches:
Dungeon (4/15)
 Temple: D:4-7

Altars:
Wu Jian
Xom

Shops:
D:3 !


Innate Abilities, Weirdness & Mutations

((You are quick and stealthy near water. (Stealth+, EV+, Speed+++)))
Your lower body shifts to a powerful aquatic tail in water.


Message History

You miss Eustachio.
Eustachio is moderately wounded.
You feel sick.
You closely miss Eustachio.
Eustachio is moderately wounded.
You feel sick. The quokka closely misses you. Eustachio closely misses you.
You puncture Eustachio!
Eustachio is severely wounded.
You feel sick. The quokka bites you.
* * * LOW HITPOINT WARNING * * *
You puncture Eustachio!
Eustachio is almost dead.
You feel sick.
Eustachio hits you with a +0 rapier of venom!
* * * LOW HITPOINT WARNING * * *
You are lethally poisoned!
You puncture Eustachio!
You kill Eustachio!
Trog accepts your kill.
Trog appreciates your killing of a magic user.
The quokka disappears in a puff of smoke! x2
The bat disappears in a puff of smoke! x2
* * * LOW HITPOINT WARNING * * *
You feel very sick.
Your Polearms skill increases to level 7!
Your Dodging skill increases to level 4!
Your Stealth skill increases to level 3!
You have reached level 7!
Unknown command.
* * * LOW HITPOINT WARNING * * *
You feel very sick.
You feel a strong urge to attack something.
* * * LOW HITPOINT WARNING * * *
You feel sick.
You are too berserk!
There is a lethal amount of poison in your body!
There is a lethal amount of poison in your body!
There is a lethal amount of poison in your body!
You swing at nothing.
You die...

#...# #...# #...# #...# #...#
### ### #...# .. ..# # #.# .#
.. .. ## #)###.## ##.###.# !. #
#§§@...# #......# #..#
#§####.####......#
##.#..###§§........).....#
............(#.##...### #
#######.######.#..#.##...'_# .#
#..<.......##............###..#
#.##.......##...#.#..#.......#
#.##.......##...#.#....#.....#
#.##.......#...........#.#####


There were no monsters in sight!

Vanquished Creatures
  Eustachio (D:4)
  A kobold brigand (D:3)
  An orc priest (D:2)
  2 orc wizards (D:2)
  7 gnolls
  An adder (D:4)
  An adder skeleton (D:4)
  3 worms
  A dart slug (D:1)
  4 orcs
  4 endoplasms
  3 giant cockroaches
  5 goblins
  4 hobgoblins
  5 jackals
  3 kobolds
  A quokka (D:2)
  11 ball pythons
  5 bats
  6 frilled lizards
  5 rats
  A bush (D:1)
75 creatures vanquished.

Vanquished Creatures (others)
  6 fungi (D:4)
  2 plants (D:1)
8 creatures vanquished.

Grand Total: 83 creatures vanquished

Notes
Turn   | Place    | Note
-------+----------+-------------------------------------------
     0 | D:1      | Astera the Merfolk Berserker began the quest for the Orb.
     0 | D:1      | Reached XP level 1. HP: 18/18 MP: 1/1
    50 | D:1      | Found a faded altar of an unknown god.
   209 | D:1      | Reached XP level 2. HP: 13/24 MP: 2/2
   609 | D:1      | Reached skill level 5 in Polearms
   721 | D:1      | Reached XP level 3. HP: 28/29 MP: 3/3
  1471 | D:2      | Reached ** piety under Trog
  1548 | D:2      | Reached skill level 1 in Stealth
  1624 | D:2      | Reached XP level 4. HP: 22/37 MP: 4/4
  1635 | D:2      | Reached XP level 5. HP: 21/43 MP: 5/5
  2440 | D:1      | HP: 2/43 [gnoll (14)]
  2817 | D:2      | Reached skill level 6 in Polearms
  3300 | D:3      | Noticed a kobold brigand
  3344 | D:2      | HP: 2/43 [poisoned by a kobold brigand]
  3617 | D:3      | Found Dylellom's Distillery.
  3631 | D:3      | Bought a potion of heal wounds for 50 gold pieces
  4013 | D:3      | Killed a kobold brigand
  4014 | D:3      | Reached XP level 6. HP: 26/49 MP: 6/6
  4213 | D:3      | Found an ornate altar of the Wu Jian Council.
  4403 | D:4      | Found a shimmering altar of Xom.
  4445 | D:4      | Noticed Eustachio
  4478 | D:4      | Killed Eustachio
  4479 | D:4      | Reached skill level 7 in Polearms
  4479 | D:4      | Reached XP level 7. HP: 9/55 MP: 7/7
  4480 | D:4      | HP: 3/82 [poisoned by Eustachio]
  4481 | D:4      | Succumbed to Eustachio's poison

Illustrated notes

Levels and vault maps discovered:
D:1:      dpeg_arrival_brainrot, layout_loops_ring, serial_forest,
          infiniplex_forest_3_way, infiniplex_forest_end_1,
          infiniplex_forest_straight_3, infiniplex_forest_end_1,
          infiniplex_forest_straight_2, infiniplex_forest_straight_4,
          infiniplex_forest_corner_1, basic_ecumenical_altar,
          minmay_misc_feat_encased, st_stairs_7
D:2:      cheibrodos_pilgrimage, layout_loops_ring, cheibrodos_gnoll_hut
D:3:      layout_rooms, amcnicky_altar_gilded, serial_shops, shop_fountains
D:4:      layout_loops_cross, nicolae_gozag_cash_rules_everything_around_me,
          kennysheep_mini_moat, serial_aquarium, aquarium_bridge_square
          [aquarium_subvault_bridge, aquarium_subvault_balcony,
          aquarium_subvault_wall, aquarium_subvault_window],
          aquarium_window_fake, aquarium_window_1, aquarium_window_corner,
          aquarium_window_1, aquarium_view_2e, uniq_eustachio

Skill      XL: |  1  2  3  4  5  6 |
---------------+-------------------+-----
Polearms       | 5 6 7 |  7.4
Dodging        | 3 4 |  4.2
Stealth        | 2 3 |  3.0
Fighting       | 4 |  4.7
Armour         | 2 |  2.4
Throwing       | |  0.3

Action                   |  1- 3 |  4- 6 |  7- 9 || total
-------------------------+-------+-------+-------++-------
Melee: Spear             |   335 |   203 |       ||   538
Throw: Boomerang         |     2 |     4 |       ||     6
Invok: Berserk           |     1 |     4 |       ||     5
       Trog's Hand       |     1 |     2 |       ||     3
 Stab: Sleeping          |     4 |     5 |       ||     9
Armor: Animal skin       |     2 |       |       ||     2
       Leather armour    |    15 |    29 |       ||    44
Dodge: Dodged            |    51 |    98 |       ||   149

Table legend: (Time is in decaauts)
 A = Elapsed time spent in this place.
 B = Non-inter-level travel time spent in this place.
 C = Inter-level travel time spent in this place.
 D = Time resting spent in this place.
 E = Time spent auto-exploring this place.
 F = Levels seen in this place.
 G = Mean time per level.
                   A        B        C        D        E       F      G
               +--------+--------+--------+--------+--------+-----+--------+
         Total |   4434 |   4302 |    132 |   1138 |   1694 |   4 | 1108.5 |
       Dungeon |   4434 |   4302 |    132 |   1138 |   1694 |   4 | 1108.5 |
               +--------+--------+--------+--------+--------+-----+--------+

Top non-repeatable levels by time:
     D:1: 2056 daAuts
     D:2: 1377 daAuts
     D:3: 847 daAuts
     D:4: 152 daAuts
